Map: Ulrena

Players

zuka - Winner!

  • Race: Protoss Protoss
  • League: Master

Raz

  • Race: Zerg Zerg
  • League: Diamond

VOD

Have the link to the VOD?

Description

Time

  • Played on: Feb. 4, 2016, 2:02 p.m.
  • Length: 10:58
Show
View Real Time Build Order
Export as new Build Order

zuka Protoss - Winner!

Build Orders: 1 Gate Expand 

Get SALT Encoding   

  12  0:01  Probe (Chrono Boost)  
  13  0:11  Probe (Chrono Boost)  
  14  0:17  Pylon  
  14  0:22  Probe (Chrono Boost)  
  15  0:36  Probe (Chrono Boost)  
  15  0:40  Gateway  
  16  0:46  Probe (Chrono Boost)  
  17  0:55  Pylon  
  18  0:57  Probe (Chrono Boost)  
  18  1:03  Pylon  
  18  1:07  Probe (Chrono Boost)  
  19  1:18  Probe (Chrono Boost)  
  20  1:28  Probe (Chrono Boost)  
  21  1:37  Nexus  
  22  1:48  Assimilator  
  22  1:52  Cybernetics Core  
  22  1:54  Probe (Chrono Boost)  
  22  2:02  Assimilator  
  22  2:04  Probe (Chrono Boost)  
  23  2:15  Probe (Chrono Boost)  
  24  2:24  Zealot  
  24  2:25  Probe (Chrono Boost)  
  27  2:33  Pylon  
  27  2:34  Warp Gate  
  27  2:36  Probe (Chrono Boost)  
  28  2:46  Probe (Chrono Boost)  
  28  2:51  Probe (Chrono Boost)  
  30  2:52  Robotics Facility  
  30  2:57  Probe (Chrono Boost)  
  31  3:01  Probe (Chrono Boost)  
  32  3:07  Probe (Chrono Boost)  
  32  3:12  Mothership Core (Chrono Boost)  
  35  3:18  Probe (Chrono Boost)  
  36  3:25  Zealot  
  38  3:28  Probe (Chrono Boost)  
  38  3:30  Gateway, Probe (Chrono Boost)  
  38  3:33  Twilight Council  
  40  3:39  Pylon  
  40  3:42  Probe x2 (Chrono Boost)  
  42  3:50  Pylon  
  42  3:53  Probe (Chrono Boost)  
  42  3:54  Adept  
  46  3:59  Pylon  
  46  4:05  Pylon  
  46  4:08  Immortal (Chrono Boost)  
  46  4:09  Assimilator  
  49  4:12  Probe x2  
  51  4:18  Resonating Glaives  
  51  4:23  Probe  
  51  4:24  Probe  
  53  4:31  Gateway  
  53  4:33  Gateway  
  53  4:36  Probe  
  55  4:41  Pylon  
  54  4:46  Probe, Immortal (Chrono Boost)  
  54  4:49  Probe  
  60  4:56  Assimilator  
  60  5:03  Adept x2  
  64  5:11  Gateway  
  64  5:13  Gateway  
  64  5:20  Warp Prism (Chrono Boost)  
  66  5:21  Pylon  
  66  5:25  Sentry x2  
  70  5:40  Sentry x2, Gateway  
  70  5:42  Pylon  
  74  5:57  Adept x2  
  74  6:01  Gateway  
  78  6:10  Adept x2  
  82  6:15  Adept x2  
  86  6:37  Stalker x2  
  86  6:38  Stalker x2  
  86  6:39  Stalker  
  74  7:02  Probe  
  74  7:04  Probe  
  74  7:05  Stargate  
  74  7:07  Stargate  
  70  7:10  Pylon, Stalker x2  
  70  7:11  Stalker x3  
  70  7:12  Stalker  
  70  7:13  Probe  
  69  7:31  Stalker x2  
  71  7:42  Stalker x4  
  71  7:51  Phoenix x2 (Chrono Boost)  
  75  7:53  Adept  
  75  7:54  Adept  
  79  8:00  Zealot x2  
  83  8:13  Phoenix x2 (Chrono Boost)  
  83  8:16  Warp Prism  
  89  8:24  Adept  
  89  8:25  Adept x2  
  95  8:27  Adept  
  97  8:35  Phoenix (Chrono Boost)  
  97  8:37  Phoenix (Chrono Boost)  
  101  9:00  Pylon, Phoenix (Chrono Boost)  
  101  9:01  Pylon  
  101  9:09  Adept  
  101  9:12  Pylon  
  101  9:14  Pylon  
  101  9:15  Pylon  
  101  9:18  Phoenix (Chrono Boost)  
  101  9:20  Adept x2  
  101  9:21  Adept  
  101  9:22  Phoenix (Chrono Boost)  
  111  9:41  Adept x2  
  111  9:42  Adept  
  113  10:18  Stalker x3  
  113  10:19  Stalker x3  
  113  10:55  Stalker x3  
  113  10:56  Stalker x4  
Show
View Real Time Build Order
Export as new Build Order

Raz Zerg 

Build Orders: Pool First 

Get SALT Encoding   

  12  0:03  Drone  
  13  0:13  Overlord  
  13  0:20  Drone  
  14  0:33  Drone x2  
  16  0:39  Drone  
  17  1:08  Drone x2  
  17  1:09  Drone  
  20  1:29  Spawning Pool  
  20  1:31  Extractor  
  18  1:38  Drone x2  
  20  2:02  Overlord  
  20  2:05  Drone x2  
  22  2:20  Queen  
  22  2:21  Zergling x2  
  25  2:31  Zergling x2  
  26  2:39  Metabolic Boost  
  26  2:56  Queen  
  28  2:59  Hatchery  
  28  3:03  Drone x3  
  30  3:15  Overlord  
  30  3:27  Hatchery  
  29  3:35  Lair  
  29  3:45  Drone x2  
  29  3:47  Extractor, Drone  
  31  3:59  Drone  
  32  4:09  Drone  
  33  4:13  Drone x3  
  33  4:14  Drone  
  33  4:15  Queen  
  33  4:16  Extractor  
  38  4:17  Extractor  
  38  4:22  Overlord  
  37  4:32  Drone  
  37  4:34  Drone  
  39  4:39  Spire, Drone  
  39  4:41  Drone  
  39  4:42  Drone x3  
  43  4:50  Drone x3  
  43  4:51  Drone x2  
  48  4:57  Overlord  
  48  5:09  Drone x4  
  48  5:11  Overlord  
  48  5:12  Overlord  
  52  5:44  Overlord  
  52  5:45  Drone x2  
  54  5:50  Mutalisk x8  
  54  5:52  Extractor  
  54  5:54  Extractor  
  67  5:58  Mutalisk  
  67  6:02  Overlord x2  
  69  6:05  Zergling x4  
  69  6:06  Zergling x4  
  69  6:08  Mutalisk  
  75  6:11  Overseer  
  74  6:20  Overlord  
  74  6:21  Mutalisk  
  74  6:23  Zergling x2  
  74  6:24  Zergling x6  
  80  6:30  Zerg Flyer Weapons Level 1  
  69  6:52  Mutalisk x2  
  69  6:54  Zergling x8  
  64  7:13  Mutalisk, Hatchery  
  64  7:14  Zergling x4  
  64  7:15  Zergling x2  
  64  7:19  Zergling x8  
  66  7:28  Mutalisk  
  66  7:29  Zergling x4  
  67  7:51  Drone x3  
  69  7:52  Drone x3  
  69  7:53  Queen  
  69  7:55  Zergling x2  
  76  8:01  Mutalisk x2  
  80  8:05  Overseer  
  80  8:15  Drone x2  
  80  8:17  Evolution Chamber  
  80  8:18  Evolution Chamber  
  80  8:20  Mutalisk  
  80  8:24  Zergling x2  
  83  8:34  Zergling x2  
  83  8:35  Mutalisk x2  
  86  9:04  Mutalisk x3  
  90  9:12  Drone x3  
  90  9:13  Drone x3  
  96  9:22  Hydralisk Den  
  93  9:41  Mutalisk x2  
  97  9:48  Zergling x2  
  97  9:49  Zergling x2  
  77  10:19  Overlord x3  
  77  10:20  Overlord  
  71  10:23  Overseer x2  
Tags
 
Add a new tag
Caveats
  • Supply blocks, unpowered buildings, or Contaminate may cause inaccurate times.
  • Supply counts are checked every 10 seconds.